 Dungeon Crawl Stone Soup version 0.27.0-1-g7a089689b8 (webtiles) character file.

Game seed: 16208166400895470292

7 Raykoid666 the Slasher (level 1, -3/18 HPs)
             Began as a Demonspawn Wanderer on Aug 6, 2021.
             Succumbed to a kobold's poison
             ... on level 1 of the Dungeon.
             The game lasted 00:01:28 (464 turns).

Raykoid666 the Slasher (Demonspawn Wanderer)         Turns: 464, Time: 00:01:28

Health: -3/18      AC:  2    Str:  9    XL:     1   Next: 83%
Magic:  1/1        EV: 11    Int: 11    God:
Gold:   19         SH:  0    Dex: 17    Spells: 0/0 levels left

rFire    . . .     SeeInvis .   a - +2 falchion
rCold    . . .     Faith    .   (no shield)
rNeg     . . .     Spirit   .   c - +0 robe
rPois    .         Reflect  .   (no helmet)
rElec    .         Harm     .   (no cloak)
rCorr    .         Rampage  .   (no gloves)
Will     .....                  (no boots)
Stlth    ++........             (no amulet)
HPRegen  0.06/turn              (no ring)
MPRegen  0.07/turn              (no ring)

@: lethally poisoned (-3 -> -26)
A: no striking features
a: no special abilities


You were on level 1 of the Dungeon.
You visited 1 branch of the dungeon, and saw 1 of its levels.

You collected 19 gold pieces.

Inventory:

Hand Weapons
 a - a +2 falchion (weapon)
 e - a +0 whip of freezing
Armour
 c - a +0 robe (worn)
Jewellery
 d - a +6 ring of intelligence
Scrolls
 b - 2 scrolls of teleportation
Potions
 f - a potion of berserk rage {unknown}


   Skills:
 + Level 3.2 Fighting
 + Level 3.8 Long Blades
 - Level 1.0 Throwing
 - Level 1.0 Stealth
 - Level 1.0 Unarmed Combat


You couldn't memorise any spells.
You didn't know any spells.
Your spell library was empty.

Dungeon Overview and Level Annotations

Branches:
Dungeon (1/15)

Altars:


Message History

You miss the quokka. The quokka barely misses you.
You closely miss the quokka. The quokka barely misses you.
You riposte.
You hit the quokka but do no damage. The quokka barely misses you.
You hit the quokka.
The quokka is almost dead.
The quokka closely misses you.
You riposte.
You closely miss the quokka.
The quokka is almost dead.
You hit the quokka.
You kill the quokka!
You hit the dart slug.
The dart slug is moderately wounded.
The dart slug closely misses you.
You hit the dart slug.
The dart slug is almost dead.
The dart slug launches a dart at you. The slug dart hits you.
You hit the dart slug.
You kill the dart slug!
You see here a dart slug corpse.
f - a white potion
Found 18 stones.
You open the door.
Found a stone staircase leading down.
A kobold comes into view. It is wielding a +0 dagger of venom.
The kobold shouts!
The kobold throws a stone.
The stone hits you.
The kobold throws a stone.
The stone closely misses you.
The kobold hits you with a +0 dagger of venom.
You are poisoned.
You feel sick.
The kobold hits you with a +0 dagger of venom.
You are lethally poisoned!
You hit the kobold but do no damage.
* * * LOW HITPOINT WARNING * * *
You feel very sick.
The kobold hits you with a +0 dagger of venom.
* * * LOW HITPOINT WARNING * * *
You are more poisoned.
You hit the kobold but do no damage.
You die...

#..........#..#.##.##########
#..........+..#.##.##........
#.#........#.##.##........###
#..........#..#.##........#
##..######..#.#.###.......#
####..# #.....(..'.......+
PP###.## #..##..###.......#
...♣#..####..#...............
P............#..@............#
♣....##.####.#..K............#
..##.......# #..>...#####...
....#.#.##.# #......# ...
.##.#.# .. # ###.#### ..
..#.#.# ### #.# .##.#.# #.#
.##.#.# #.# .##.#.#


You could see a kobold.

Vanquished Creatures
  A dart slug (D:1)
  A goblin (D:1)
  A quokka (D:1)
  2 kobolds (D:1)
5 creatures vanquished.

Notes
Turn   | Place    | Note
-------+----------+-------------------------------------------
     0 | D:1      | Raykoid666 the Demonspawn Wanderer began the quest for the
                  | Orb.
     0 | D:1      | Raykoid666 set off with the following items: a +2 falchion,
                  | 2 scrolls of teleportation, a +0 robe
     0 | D:1      | Reached XP level 1. HP: 18/18 MP: 1/1
   464 | D:1      | Succumbed to a kobold's poison

Illustrated notes

Levels and vault maps discovered:
D:1:      denvon_arrival_planthouse, layout_basic

Action                   || total
-------------------------++-------
Melee: Falchion          ||    21
Armor: Robe              ||     2
Dodge: Dodged            ||    12
       Rpst.: Falchion   ||     4
